Workbook

Sheet Notas de Disciplina Financiera
A1: CASA DE LA CULTURA XOCHIQUETZAL | C1: Ejercicio: | D1: 2025
A2: Notas de Disciplina Financiera | C2: Periodicidad: | D2: Trimestral
A3: DEL 01 DE ENERO DEL 2025 AL 31 DE DICIEMBRE DEL 2025 | C3: Corte: | D3: 4
A4: (Cifras en Pesos)
A5: NOTAS | B5: DESCRIPCIÓN
B7: NOTAS DE DISCIPLINA FINANCIERA:
A9: NDF-01 | B9: 1. Balance Presupuestario de Recursos Disponibles Negativo
A10: NDF-02 | B10: 2. Aumento o creación de nuevo Gasto
A11: NDF-03 | B11: 3. Pasivo Circulante al Cierre del Ejercicio (ESF-12)
A12: NDF-04 | B12: 4. Deuda Pública y Obligaciones
A13: NDF-05 | B13: 5. Obligaciones a Corto Plazo
A14: NDF-06 | B14: 6. Evaluación de Cumplimiento

Sheet NDF-01
B1: ='Notas de Disciplina Financiera'!A1 -> CASA DE LA CULTURA XOCHIQUETZAL | E1: Ejercicio: | F1: ='Notas de Disciplina Financiera'!D1 -> 2025
B2: Notas de Disciplina Financiera | E2: Periodicidad: | F2: ='Notas de Disciplina Financiera'!D2 -> Trimestral
B3: ='Notas de Disciplina Financiera'!A3 -> DEL 01 DE ENERO DEL 2025 AL 31 DE DICIEMBRE DEL 2025 | E3: Corte: | F3: ='Notas de Disciplina Financiera'!D3 -> 4
C5: 1. Balance Presupuestario de Recursos Disponibles Negativo
B7: Se informará:
B8: a) Acciones para recuperar el Balance Presupuestario de Recursos Disponibles Sostenible.
C16: Favor de ver el instructivo de esta nota (NDF-01):
C17: En caso de no obtener un Balance Presupuestario de Recursos Disponibles Negativo, indicar la aclaración.

Sheet NDF-01 (I)
A2: Nota | B2: Instructivo
A4: NDF-01 | B4: 1. Balance Presupuestario de Recursos Disponibles Negativo
B5: Se informará:
B6: a) Acciones para recuperar el Balance Presupuestario de Recursos Disponibles Sostenible.
B8: Fundamento Artículo 6 y 19 LDF
B63: En caso de no tener Balance Presupuestario de Recursos Disponibles Negativo, indicar la aclaración.
B64: como por ejemplo:
B66: "Ya que cuento con Balance Presupuestario Sostenible."

Sheet NDF-02
B1: ='Notas de Disciplina Financiera'!A1 -> CASA DE LA CULTURA XOCHIQUETZAL | E1: Ejercicio: | F1: ='Notas de Disciplina Financiera'!D1 -> 2025
B2: Notas de Disciplina Financiera | E2: Periodicidad: | F2: ='Notas de Disciplina Financiera'!D2 -> Trimestral
B3: ='Notas de Disciplina Financiera'!A3 -> DEL 01 DE ENERO DEL 2025 AL 31 DE DICIEMBRE DEL 2025 | E3: Corte: | F3: ='Notas de Disciplina Financiera'!D3 -> 4
B5: 2. Aumento o creación de nuevo Gasto:
B6: =B1 -> CASA DE LA CULTURA XOCHIQUETZAL
B7: Art. 8 LDF
B8: Clasificación por Objeto del Gasto (Capítulo y Concepto)
B9: =B3 -> DEL 01 DE ENERO DEL 2025 AL 31 DE DICIEMBRE DEL 2025
B10: (PESOS)
D11: Modificaciones
B12: Concepto (c) | C12: Aprobado (d) | D12: Ampliaciones Líquidas | E12: Reducciones Líquidas | F12: Ampliaciones Compensadas | G12: Reducciones Compensadas | H12: Total | I12: Modificado
B13: I. Gasto No Etiquetado (I=A+B+C+D+E+F+G+H+I) | C13: =C14+C22+C32+C42+C52+C62+C66+C74+C78 -> 2235288 | D13: =D14+D22+D32+D42+D52+D62+D66+D74+D78 -> 190000 | E13: =E14+E22+E32+E42+E52+E62+E66+E74+E78 -> 120000 | F13: =F14+F22+F32+F42+F52+F62+F66+F74+F78 -> 0 | G13: =G14+G22+G32+G42+G52+G62+G66+G74+G78 -> 0 | H13: =H14+H22+H32+H42+H52+H62+H66+H74+H78 -> 70000 | I13: =I14+I22+I32+I42+I52+I62+I66+I74+I78 -> 2305288
B14: A. Servicios Personales (A=a1+a2+a3+a4+a5+a6+a7) | C14: =SUM(C15:C21) -> 1675720 | D14: =SUM(D15:D21) -> 0 | E14: =SUM(E15:E21) -> 30000 | F14: =SUM(F15:F21) -> 0 | G14: =SUM(G15:G21) -> 0 | H14: =SUM(H15:H21) -> -30000 | I14: =SUM(I15:I21) -> 1645720
B15: a1) Remuneraciones al Personal de Carácter Permanente | C15: 962870 | D15: 0 | E15: 15000 | F15: 0 | G15: 0 | H15: =D15+F15-E15-G15 -> -15000 | I15: =C15+H15 -> 947870
B16: a2) Remuneraciones al Personal de Carácter Transitorio | C16: 450000 | D16: 0 | E16: 0 | F16: 0 | G16: 0 | H16: =D16+F16-E16-G16 -> 0 | I16: =C16+H16 -> 450000
B17: a3) Remuneraciones Adicionales y Especiales | C17: 197850 | D17: 0 | E17: 0 | F17: 0 | G17: 0 | H17: =D17+F17-E17-G17 -> 0 | I17: =C17+H17 -> 197850
B18: a4) Seguridad Social | C18: 0 | D18: 0 | E18: 0 | F18: 0 | G18: 0 | H18: =D18+F18-E18-G18 -> 0 | I18: =C18+H18 -> 0
B19: a5) Otras Prestaciones Sociales y Económicas | C19: 65000 | D19: 0 | E19: 15000 | F19: 0 | G19: 0 | H19: =D19+F19-E19-G19 -> -15000 | I19: =C19+H19 -> 50000
B20: a6) Previsiones | C20: 0 | D20: 0 | E20: 0 | F20: 0 | G20: 0 | H20: =D20+F20-E20-G20 -> 0 | I20: =C20+H20 -> 0
B21: a7) Pago de Estímulos a Servidores Públicos | C21: 0 | D21: 0 | E21: 0 | F21: 0 | G21: 0 | H21: =D21+F21-E21-G21 -> 0 | I21: =C21+H21 -> 0
B22: B. Materiales y Suministros (B=b1+b2+b3+b4+b5+b6+b7+b8+b9) | C22: =SUM(C23:C31) -> 196700 | D22: =SUM(D23:D31) -> 20000 | E22: =SUM(E23:E31) -> 20000 | F22: =SUM(F23:F31) -> 0 | G22: =SUM(G23:G31) -> 0 | H22: =SUM(H23:H31) -> 0 | I22: =SUM(I23:I31) -> 196700
B23: b1) Materiales de Administración, Emisión de Documentos y Artículos Oficiales | C23: 29000 | D23: 0 | E23: 0 | F23: 0 | G23: 0 | H23: =D23+F23-E23-G23 -> 0 | I23: =C23+H23 -> 29000
B24: b2) Alimentos y Utensilios | C24: 30100 | D24: 0 | E24: 0 | F24: 0 | G24: 0 | H24: =D24+F24-E24-G24 -> 0 | I24: =C24+H24 -> 30100
B25: b3) Materias Primas y Materiales de Producción y Comercialización | C25: 0 | D25: 0 | E25: 0 | F25: 0 | G25: 0 | H25: =D25+F25-E25-G25 -> 0 | I25: =C25+H25 -> 0
B26: b4) Materiales y Artículos de Construcción y de Reparación | C26: 31400 | D26: 0 | E26: 0 | F26: 0 | G26: 0 | H26: =D26+F26-E26-G26 -> 0 | I26: =C26+H26 -> 31400
B27: b5) Productos Químicos, Farmacéuticos y de Laboratorio | C27: 1000 | D27: 0 | E27: 0 | F27: 0 | G27: 0 | H27: =D27+F27-E27-G27 -> 0 | I27: =C27+H27 -> 1000
B28: b6) Combustibles, Lubricantes y Aditivos | C28: 80000 | D28: 20000 | E28: 0 | F28: 0 | G28: 0 | H28: =D28+F28-E28-G28 -> 20000 | I28: =C28+H28 -> 100000
B29: b7) Vestuario, Blancos, Prendas de Protección y Artículos Deportivos | C29: 10100 | D29: 0 | E29: 10000 | F29: 0 | G29: 0 | H29: =D29+F29-E29-G29 -> -10000 | I29: =C29+H29 -> 100
B30: b8) Materiales y Suministros Para Seguridad | C30: 0 | D30: 0 | E30: 0 | F30: 0 | G30: 0 | H30: =D30+F30-E30-G30 -> 0 | I30: =C30+H30 -> 0
B31: b9) Herramientas, Refacciones y Accesorios Menores | C31: 15100 | D31: 0 | E31: 10000 | F31: 0 | G31: 0 | H31: =D31+F31-E31-G31 -> -10000 | I31: =C31+H31 -> 5100
B32: C. Servicios Generales (C=c1+c2+c3+c4+c5+c6+c7+c8+c9) | C32: =SUM(C33:C41) -> 351468 | D32: =SUM(D33:D41) -> 170000 | E32: =SUM(E33:E41) -> 60000 | F32: =SUM(F33:F41) -> 0 | G32: =SUM(G33:G41) -> 0 | H32: =SUM(H33:H41) -> 110000 | I32: =SUM(I33:I41) -> 461468
B33: c1) Servicios Básicos | C33: 37100 | D33: 0 | E33: 0 | F33: 0 | G33: 0 | H33: =D33+F33-E33-G33 -> 0 | I33: =C33+H33 -> 37100
B34: c2) Servicios de Arrendamiento | C34: 40200 | D34: 0 | E34: 40000 | F34: 0 | G34: 0 | H34: =D34+F34-E34-G34 -> -40000 | I34: =C34+H34 -> 200
B35: c3) Servicios Profesionales, Científicos, Técnicos y Otros Servicios | C35: 60100 | D35: 0 | E35: 0 | F35: 0 | G35: 0 | H35: =D35+F35-E35-G35 -> 0 | I35: =C35+H35 -> 60100
B36: c4) Servicios Financieros, Bancarios y Comerciales | C36: 10100 | D36: 0 | E36: 0 | F36: 0 | G36: 0 | H36: =D36+F36-E36-G36 -> 0 | I36: =C36+H36 -> 10100
B37: c5) Servicios de Instalación, Reparación, Mantenimiento y Conservación | C37: 55100 | D37: 0 | E37: 20000 | F37: 0 | G37: 0 | H37: =D37+F37-E37-G37 -> -20000 | I37: =C37+H37 -> 35100
B38: c6) Servicios de Comunicación Social y Publicidad | C38: 0 | D38: 0 | E38: 0 | F38: 0 | G38: 0 | H38: =D38+F38-E38-G38 -> 0 | I38: =C38+H38 -> 0
B39: c7) Servicios de Traslado y Viáticos | C39: 2000 | D39: 0 | E39: 0 | F39: 0 | G39: 0 | H39: =D39+F39-E39-G39 -> 0 | I39: =C39+H39 -> 2000
B40: c8) Servicios Oficiales | C40: 96868 | D40: 170000 | E40: 0 | F40: 0 | G40: 0 | H40: =D40+F40-E40-G40 -> 170000 | I40: =C40+H40 -> 266868
B41: c9) Otros Servicios Generales | C41: 50000 | D41: 0 | E41: 0 | F41: 0 | G41: 0 | H41: =D41+F41-E41-G41 -> 0 | I41: =C41+H41 -> 50000
B42: D. Transferencias, Asignaciones, Subsidios y Otras Ayudas (D=d1+d2+d3+d4+d5+d6+d7+d8+d9) | C42: =SUM(C43:C51) -> 0 | D42: =SUM(D43:D51) -> 0 | E42: =SUM(E43:E51) -> 0 | F42: =SUM(F43:F51) -> 0 | G42: =SUM(G43:G51) -> 0 | H42: =SUM(H43:H51) -> 0 | I42: =SUM(I43:I51) -> 0
B43: d1) Transferencias Internas y Asignaciones al Sector Público | C43: 0 | D43: 0 | E43: 0 | F43: 0 | G43: 0 | H43: =D43+F43-E43-G43 -> 0 | I43: =C43+H43 -> 0
B44: d2) Transferencias al Resto del Sector Público | C44: 0 | D44: 0 | E44: 0 | F44: 0 | G44: 0 | H44: =D44+F44-E44-G44 -> 0 | I44: =C44+H44 -> 0
B45: d3) Subsidios y Subvenciones | C45: 0 | D45: 0 | E45: 0 | F45: 0 | G45: 0 | H45: =D45+F45-E45-G45 -> 0 | I45: =C45+H45 -> 0
B46: d4) Ayudas Sociales | C46: 0 | D46: 0 | E46: 0 | F46: 0 | G46: 0 | H46: =D46+F46-E46-G46 -> 0 | I46: =C46+H46 -> 0
B47: d5) Pensiones y Jubilaciones | C47: 0 | D47: 0 | E47: 0 | F47: 0 | G47: 0 | H47: =D47+F47-E47-G47 -> 0 | I47: =C47+H47 -> 0
B48: d6) Transferencias a Fideicomisos, Mandatos y Otros Análogos | C48: 0 | D48: 0 | E48: 0 | F48: 0 | G48: 0 | H48: =D48+F48-E48-G48 -> 0 | I48: =C48+H48 -> 0
B49: d7) Transferencias a la Seguridad Social | C49: 0 | D49: 0 | E49: 0 | F49: 0 | G49: 0 | H49: =D49+F49-E49-G49 -> 0 | I49: =C49+H49 -> 0
B50: d8) Donativos | C50: 0 | D50: 0 | E50: 0 | F50: 0 | G50: 0 | H50: =D50+F50-E50-G50 -> 0 | I50: =C50+H50 -> 0
B51: d9) Transferencias al Exterior | C51: 0 | D51: 0 | E51: 0 | F51: 0 | G51: 0 | H51: =D51+F51-E51-G51 -> 0 | I51: =C51+H51 -> 0
B52: E. Bienes Muebles, Inmuebles e Intangibles (E=e1+e2+e3+e4+e5+e6+e7+e8+e9) | C52: =SUM(C53:C61) -> 11400 | D52: =SUM(D53:D61) -> 0 | E52: =SUM(E53:E61) -> 10000 | F52: =SUM(F53:F61) -> 0 | G52: =SUM(G53:G61) -> 0 | H52: =SUM(H53:H61) -> -10000 | I52: =SUM(I53:I61) -> 1400
B53: e1) Mobiliario y Equipo de Administración | C53: 10200 | D53: 0 | E53: 10000 | F53: 0 | G53: 0 | H53: =D53+F53-E53-G53 -> -10000 | I53: =C53+H53 -> 200
B54: e2) Mobiliario y Equipo Educacional y Recreativo | C54: 1000 | D54: 0 | E54: 0 | F54: 0 | G54: 0 | H54: =D54+F54-E54-G54 -> 0 | I54: =C54+H54 -> 1000
B55: e3) Equipo e Instrumental Médico y de Laboratorio | C55: 0 | D55: 0 | E55: 0 | F55: 0 | G55: 0 | H55: =D55+F55-E55-G55 -> 0 | I55: =C55+H55 -> 0
B56: e4) Vehículos y Equipo de Transporte | C56: 0 | D56: 0 | E56: 0 | F56: 0 | G56: 0 | H56: =D56+F56-E56-G56 -> 0 | I56: =C56+H56 -> 0
B57: e5) Equipo de Defensa y Seguridad | C57: 0 | D57: 0 | E57: 0 | F57: 0 | G57: 0 | H57: =D57+F57-E57-G57 -> 0 | I57: =C57+H57 -> 0
B58: e6) Maquinaria, Otros Equipos y Herramientas | C58: 0 | D58: 0 | E58: 0 | F58: 0 | G58: 0 | H58: =D58+F58-E58-G58 -> 0 | I58: =C58+H58 -> 0
B59: e7) Activos Biológicos | C59: 0 | D59: 0 | E59: 0 | F59: 0 | G59: 0 | H59: =D59+F59-E59-G59 -> 0 | I59: =C59+H59 -> 0
B60: e8) Bienes Inmuebles | C60: 0 | D60: 0 | E60: 0 | F60: 0 | G60: 0 | H60: =D60+F60-E60-G60 -> 0 | I60: =C60+H60 -> 0
B61: e9) Activos Intangibles | C61: 200 | D61: 0 | E61: 0 | F61: 0 | G61: 0 | H61: =D61+F61-E61-G61 -> 0 | I61: =C61+H61 -> 200
B62: F. Inversión Pública (F=f1+f2+f3) | C62: =SUM(C63:C65) -> 0 | D62: =SUM(D63:D65) -> 0 | E62: =SUM(E63:E65) -> 0 | F62: =SUM(F63:F65) -> 0 | G62: =SUM(G63:G65) -> 0 | H62: =SUM(H63:H65) -> 0 | I62: =SUM(I63:I65) -> 0
B63: f1) Obra Pública en Bienes de Dominio Público | C63: 0 | D63: 0 | E63: 0 | F63: 0 | G63: 0 | H63: =D63+F63-E63-G63 -> 0 | I63: =C63+H63 -> 0
B64: f2) Obra Pública en Bienes Propios | C64: 0 | D64: 0 | E64: 0 | F64: 0 | G64: 0 | H64: =D64+F64-E64-G64 -> 0 | I64: =C64+H64 -> 0
B65: f3) Proyectos Productivos y Acciones de Fomento | C65: 0 | D65: 0 | E65: 0 | F65: 0 | G65: 0 | H65: =D65+F65-E65-G65 -> 0 | I65: =C65+H65 -> 0
B66: G. Inversiones Financieras y Otras Provisiones (G=g1+g2+g3+g4+g5+g6+g7) | C66: =SUM(C67:C73) -> 0 | D66: =SUM(D67:D73) -> 0 | E66: =SUM(E67:E73) -> 0 | F66: =SUM(F67:F73) -> 0 | G66: =SUM(G67:G73) -> 0 | H66: =SUM(H67:H73) -> 0 | I66: =SUM(I67:I73) -> 0
B67: g1) Inversiones Para el Fomento de Actividades Productivas | C67: 0 | D67: 0 | E67: 0 | F67: 0 | G67: 0 | H67: =D67+F67-E67-G67 -> 0 | I67: =C67+H67 -> 0
B68: g2) Acciones y Participaciones de Capital | C68: 0 | D68: 0 | E68: 0 | F68: 0 | G68: 0 | H68: =D68+F68-E68-G68 -> 0 | I68: =C68+H68 -> 0
B69: g3) Compra de Títulos y Valores | C69: 0 | D69: 0 | E69: 0 | F69: 0 | G69: 0 | H69: =D69+F69-E69-G69 -> 0 | I69: =C69+H69 -> 0
B70: g4) Concesión de Préstamos | C70: 0 | D70: 0 | E70: 0 | F70: 0 | G70: 0 | H70: =D70+F70-E70-G70 -> 0 | I70: =C70+H70 -> 0
B71: g5) Inversiones en Fideicomisos, Mandatos y Otros Análogos | C71: 0 | D71: 0 | E71: 0 | F71: 0 | G71: 0 | H71: =D71+F71-E71-G71 -> 0 | I71: =C71+H71 -> 0
B72: g6) Otras Inversiones Financieras | C72: 0 | D72: 0 | E72: 0 | F72: 0 | G72: 0 | H72: =D72+F72-E72-G72 -> 0 | I72: =C72+H72 -> 0
B73: g7) Provisiones para Contingencias y Otras Erogaciones Especiales | C73: 0 | D73: 0 | E73: 0 | F73: 0 | G73: 0 | H73: =D73+F73-E73-G73 -> 0 | I73: =C73+H73 -> 0
B74: H. Participaciones y Aportaciones (H=h1+h2+h3) | C74: =SUM(C75:C77) -> 0 | D74: =SUM(D75:D77) -> 0 | E74: =SUM(E75:E77) -> 0 | F74: =SUM(F75:F77) -> 0 | G74: =SUM(G75:G77) -> 0 | H74: =SUM(H75:H77) -> 0 | I74: =SUM(I75:I77) -> 0
B75: h1) Participaciones | C75: 0 | D75: 0 | E75: 0 | F75: 0 | G75: 0 | H75: =D75+F75-E75-G75 -> 0 | I75: =C75+H75 -> 0
B76: h2) Aportaciones | C76: 0 | D76: 0 | E76: 0 | F76: 0 | G76: 0 | H76: =D76+F76-E76-G76 -> 0 | I76: =C76+H76 -> 0
B77: h3) Convenios | C77: 0 | D77: 0 | E77: 0 | F77: 0 | G77: 0 | H77: =D77+F77-E77-G77 -> 0 | I77: =C77+H77 -> 0
B78: I. Deuda Pública (I=i1+i2+i3+i4+i5+i6+i7) | C78: =SUM(C79:C85) -> 0 | D78: =SUM(D79:D85) -> 0 | E78: =SUM(E79:E85) -> 0 | F78: =SUM(F79:F85) -> 0 | G78: =SUM(G79:G85) -> 0 | H78: =SUM(H79:H85) -> 0 | I78: =SUM(I79:I85) -> 0
B79: i1) Amortización de la Deuda Pública | C79: 0 | D79: 0 | E79: 0 | F79: 0 | G79: 0 | H79: =D79+F79-E79-G79 -> 0 | I79: =C79+H79 -> 0
B80: i2) Intereses de la Deuda Pública | C80: 0 | D80: 0 | E80: 0 | F80: 0 | G80: 0 | H80: =D80+F80-E80-G80 -> 0 | I80: =C80+H80 -> 0
B81: i3) Comisiones de la Deuda Pública | C81: 0 | D81: 0 | E81: 0 | F81: 0 | G81: 0 | H81: =D81+F81-E81-G81 -> 0 | I81: =C81+H81 -> 0
B82: i4) Gastos de la Deuda Pública | C82: 0 | D82: 0 | E82: 0 | F82: 0 | G82: 0 | H82: =D82+F82-E82-G82 -> 0 | I82: =C82+H82 -> 0
B83: i5) Costo por Coberturas | C83: 0 | D83: 0 | E83: 0 | F83: 0 | G83: 0 | H83: =D83+F83-E83-G83 -> 0 | I83: =C83+H83 -> 0
B84: i6) Apoyos Financieros | C84: 0 | D84: 0 | E84: 0 | F84: 0 | G84: 0 | H84: =D84+F84-E84-G84 -> 0 | I84: =C84+H84 -> 0
B85: i7) Adeudos de Ejercicios Fiscales Anteriores (ADEFAS) | C85: 0 | D85: 0 | E85: 0 | F85: 0 | G85: 0 | H85: =D85+F85-E85-G85 -> 0 | I85: =C85+H85 -> 0
B87: II. Gasto Etiquetado (II=A+B+C+D+E+F+G+H+I) | C87: =C88+C96+C106+C116+C126+C136+C140+C148+C152 -> 0 | D87: =D88+D96+D106+D116+D126+D136+D140+D148+D152 -> 0 | E87: =E88+E96+E106+E116+E126+E136+E140+E148+E152 -> 0 | F87: =F88+F96+F106+F116+F126+F136+F140+F148+F152 -> 0 | G87: =G88+G96+G106+G116+G126+G136+G140+G148+G152 -> 0 | H87: =H88+H96+H106+H116+H126+H136+H140+H148+H152 -> 0 | I87: =I88+I96+I106+I116+I126+I136+I140+I148+I152 -> 0
B88: A. Servicios Personales (A=a1+a2+a3+a4+a5+a6+a7) | C88: =SUM(C89:C95) -> 0 | D88: =SUM(D89:D95) -> 0 | E88: =SUM(E89:E95) -> 0 | F88: =SUM(F89:F95) -> 0 | G88: =SUM(G89:G95) -> 0 | H88: =SUM(H89:H95) -> 0 | I88: =SUM(I89:I95) -> 0
B89: a1) Remuneraciones al Personal de Carácter Permanente | C89: 0 | D89: 0 | E89: 0 | F89: 0 | G89: 0 | H89: =D89+F89-E89-G89 -> 0 | I89: =C89+H89 -> 0
B90: a2) Remuneraciones al Personal de Carácter Transitorio | C90: 0 | D90: 0 | E90: 0 | F90: 0 | G90: 0 | H90: =D90+F90-E90-G90 -> 0 | I90: =C90+H90 -> 0
B91: a3) Remuneraciones Adicionales y Especiales | C91: 0 | D91: 0 | E91: 0 | F91: 0 | G91: 0 | H91: =D91+F91-E91-G91 -> 0 | I91: =C91+H91 -> 0
B92: a4) Seguridad Social | C92: 0 | D92: 0 | E92: 0 | F92: 0 | G92: 0 | H92: =D92+F92-E92-G92 -> 0 | I92: =C92+H92 -> 0
B93: a5) Otras Prestaciones Sociales y Económicas | C93: 0 | D93: 0 | E93: 0 | F93: 0 | G93: 0 | H93: =D93+F93-E93-G93 -> 0 | I93: =C93+H93 -> 0
B94: a6) Previsiones | C94: 0 | D94: 0 | E94: 0 | F94: 0 | G94: 0 | H94: =D94+F94-E94-G94 -> 0 | I94: =C94+H94 -> 0
B95: a7) Pago de Estímulos a Servidores Públicos | C95: 0 | D95: 0 | E95: 0 | F95: 0 | G95: 0 | H95: =D95+F95-E95-G95 -> 0 | I95: =C95+H95 -> 0
B96: B. Materiales y Suministros (B=b1+b2+b3+b4+b5+b6+b7+b8+b9) | C96: =SUM(C97:C105) -> 0 | D96: =SUM(D97:D105) -> 0 | E96: =SUM(E97:E105) -> 0 | F96: =SUM(F97:F105) -> 0 | G96: =SUM(G97:G105) -> 0 | H96: =SUM(H97:H105) -> 0 | I96: =SUM(I97:I105) -> 0
B97: b1) Materiales de Administración, Emisión de Documentos y Artículos Oficiales | C97: 0 | D97: 0 | E97: 0 | F97: 0 | G97: 0 | H97: =D97+F97-E97-G97 -> 0 | I97: =C97+H97 -> 0
B98: b2) Alimentos y Utensilios | C98: 0 | D98: 0 | E98: 0 | F98: 0 | G98: 0 | H98: =D98+F98-E98-G98 -> 0 | I98: =C98+H98 -> 0
B99: b3) Materias Primas y Materiales de Producción y Comercialización | C99: 0 | D99: 0 | E99: 0 | F99: 0 | G99: 0 | H99: =D99+F99-E99-G99 -> 0 | I99: =C99+H99 -> 0
B100: b4) Materiales y Artículos de Construcción y de Reparación | C100: 0 | D100: 0 | E100: 0 | F100: 0 | G100: 0 | H100: =D100+F100-E100-G100 -> 0 | I100: =C100+H100 -> 0
B101: b5) Productos Químicos, Farmacéuticos y de Laboratorio | C101: 0 | D101: 0 | E101: 0 | F101: 0 | G101: 0 | H101: =D101+F101-E101-G101 -> 0 | I101: =C101+H101 -> 0
B102: b6) Combustibles, Lubricantes y Aditivos | C102: 0 | D102: 0 | E102: 0 | F102: 0 | G102: 0 | H102: =D102+F102-E102-G102 -> 0 | I102: =C102+H102 -> 0
...

Sheet NDF-02 (I)
A2: Nota | B2: Instructivo
A4: NDF-02 | B4: 2. Aumento o creación de nuevo Gasto
B5: Se informará:
B6: a) Fuente de Ingresos del aumento o creación del Gasto no Etiquetado.
B7: b) Fuente de Ingresos del aumento o creación del Gasto Etiquetado.
B9: Fundamento Artículo 6 y 19 LDF

Sheet NDF-03
B1: ='Notas de Disciplina Financiera'!A1 -> CASA DE LA CULTURA XOCHIQUETZAL | E1: Ejercicio: | F1: ='Notas de Disciplina Financiera'!D1 -> 2025
B2: Notas de Disciplina Financiera | E2: Periodicidad: | F2: ='Notas de Disciplina Financiera'!D2 -> Trimestral
B3: ='Notas de Disciplina Financiera'!A3 -> DEL 01 DE ENERO DEL 2025 AL 31 DE DICIEMBRE DEL 2025 | E3: Corte: | F3: ='Notas de Disciplina Financiera'!D3 -> 4
C5: 3. Pasivo Circulante al Cierre del Ejercicio (ESF-12):
B6: =B1 -> CASA DE LA CULTURA XOCHIQUETZAL
B7: Informe de cuentas por pagar y que integran el pasivo circulante al cierre del ejercicio
B8: Ejercicio 20XN
B9: COG | C9: Concepto | D9: Devengado | E9: Pagado | F9: Cuentas por pagar
D10: (a) | E10: (b) | F10: (c) = (a-b)
C11: Gasto No Etiquetado | D11: =SUM(D12:D20) -> 1224386.2 | E11: =SUM(E12:E20) -> 1224386.2 | F11: =SUM(F12:F20) -> 0
B12: 1000 | C12: Servicios Personales | D12: 852656 | E12: 852656 | F12: =D12-E12 -> 0
B13: 2000 | C13: Materiales y Suministros | D13: 155598.02 | E13: 155598.02 | F13: =D13-E13 -> 0
B14: 3000 | C14: Servicios Generales | D14: 216132.17 | E14: 216132.17 | F14: =D14-E14 -> 0
B15: 4000 | C15: Transferencias, Asignaciones, Subsidios y Otras Ayudas | D15: 0 | E15: 0 | F15: =D15-E15 -> 0
B16: 5000 | C16: Bienes Muebles, Inmuebles e Intangibles | D16: 0 | E16: 0 | F16: =D16-E16 -> 0
B17: 6000 | C17: Inversión Pública | D17: 0 | E17: 0 | F17: =D17-E17 -> 0
B18: 7000 | C18: Inversiones Financieras y Otras Provisiones | D18: 0 | E18: 0 | F18: =D18-E18 -> 0
B19: 8000 | C19: Participaciones y Aportaciones | D19: 0 | E19: 0 | F19: =D19-E19 -> 0
B20: 9000 | C20: Deuda Pública | D20: 0 | E20: 0 | F20: =D20-E20 -> 0
C21: Gasto Etiquetado | D21: =SUM(D22:D30) -> 0 | E21: =SUM(E22:E30) -> 0 | F21: =SUM(F22:F30) -> 0
B22: 1000 | C22: Servicios Personales | D22: 0 | E22: 0 | F22: =D22-E22 -> 0
B23: 2000 | C23: Materiales y Suministros | D23: 0 | E23: 0 | F23: =D23-E23 -> 0
B24: 3000 | C24: Servicios Generales | D24: 0 | E24: 0 | F24: =D24-E24 -> 0
B25: 4000 | C25: Transferencias, Asignaciones, Subsidios y Otras Ayudas | D25: 0 | E25: 0 | F25: =D25-E25 -> 0
B26: 5000 | C26: Bienes Muebles, Inmuebles e Intangibles | D26: 0 | E26: 0 | F26: =D26-E26 -> 0
B27: 6000 | C27: Inversión Pública | D27: 0 | E27: 0 | F27: =D27-E27 -> 0
B28: 7000 | C28: Inversiones Financieras y Otras Provisiones | D28: 0 | E28: 0 | F28: =D28-E28 -> 0
B29: 8000 | C29: Participaciones y Aportaciones | D29: 0 | E29: 0 | F29: =D29-E29 -> 0
B30: 9000 | C30: Deuda Pública | D30: 0 | E30: 0 | F30: =D30-E30 -> 0
C31: Total | D31: =D11+D21 -> 1224386.2 | E31: =E11+E21 -> 1224386.2 | F31: =F11+F21 -> 0
C33: Favor de ver el instructivo de esta nota (NDF-03):
C34: En caso de no tener pasivos al cierre del ejercicio, hacer la aclaración o la inidcación.

Sheet NDF-03 (I)
A2: Nota | B2: Instructivo
A4: NDF-03 | B4: 3. Pasivo Circulante al Cierre del Ejercicio (ESF-12)
B5: Se informará solo al 31 de diciembre
B7: Fundamento Artículo 13 VII y 21 LDF
B30: En caso de no tener pasivos al cierre del ejercicio, indicar la aclaración.
B31: como por ejemplo:
B33: "Ya que no cuento con devengados en el año que corresponda y que se hubieren registrado en cuentas por pagar
B34: y que integran el pasivo circulante al cierre del ejercicio."

Sheet NDF-04
B1: ='Notas de Disciplina Financiera'!A1 -> CASA DE LA CULTURA XOCHIQUETZAL | E1: Ejercicio: | F1: ='Notas de Disciplina Financiera'!D1 -> 2025
B2: Notas de Disciplina Financiera | E2: Periodicidad: | F2: ='Notas de Disciplina Financiera'!D2 -> Trimestral
B3: ='Notas de Disciplina Financiera'!A3 -> DEL 01 DE ENERO DEL 2025 AL 31 DE DICIEMBRE DEL 2025 | E3: Corte: | F3: ='Notas de Disciplina Financiera'!D3 -> 4
C5: 4. Deuda Pública y Obligaciones
B7: Se revelará:
B8: a) La información detallada de cada Financiamiento u Obligación contraída en los términos del Título Tercero Capítulo
B9: Uno de la Ley de Disciplina Financiera de las Entidades Federativas y Municipios, incluyendocomo mínimo,el importe,
B10: tasa, plazo, comisiones y demás accesorios pactados.
C13: Favor de ver el instructivo de esta nota (NDF-04):
C14: En caso de no contar deuda pública u obligaciones, hacer la aclaración o la inidcación.

Sheet NDF-04 (I)
A2: Nota | B2: Instructivo
A4: NDF-04 | B4: 4. Deuda Pública y Obligaciones
B5: Se revelará:
B6: a) La información detallada de cada Financiamiento u Obligación contraída en los términos del Título Tercero Capítulo
B7: Uno de la Ley de Disciplina Financiera de las Entidades Federativas y Municipios, incluyendocomo mínimo,el importe,
B8: tasa, plazo, comisiones y demás accesorios pactados.
B10: Fundamento Artículo 25 LDF
B24: En caso de no tener Deuda Pública y Obligaciones ante el RPU, indicar la aclaración.
B25: como por ejemplo:
B27: "No cuento con Financiamiento u Obligaciones contraídas, en el RPU."

Sheet NDF-05
B1: ='Notas de Disciplina Financiera'!A1 -> CASA DE LA CULTURA XOCHIQUETZAL | E1: Ejercicio: | F1: ='Notas de Disciplina Financiera'!D1 -> 2025
B2: Notas de Disciplina Financiera | E2: Periodicidad: | F2: ='Notas de Disciplina Financiera'!D2 -> Trimestral
B3: ='Notas de Disciplina Financiera'!A3 -> DEL 01 DE ENERO DEL 2025 AL 31 DE DICIEMBRE DEL 2025 | E3: Corte: | F3: ='Notas de Disciplina Financiera'!D3 -> 4
C5: 5. Obligaciones a Corto Plazo
B7: Se revelará:
B8: a) La información detallada de las Obligaciones a corto plazo contraídas en los términos del Título Tercero Capítulo Uno
B9: de la Ley de Disciplina Financiera de las Entidades Federativas y Municipios, incluyendo por lo menos importe, tasas,
B10: plazo, comisiones y cualquier costo relacionado, así mismo se deberá incluir la tasa efectiva.
C13: Favor de ver el instructivo de esta nota (NDF-05):
C14: En caso de no contar con Obligaciones a Corto Plazo, hacer la aclaración o la inidcación.

Sheet NDF-05 (I)
A2: Nota | B2: Instructivo
A4: NDF-05 | B4: 5. Obligaciones a Corto Plazo
B5: Se revelará:
B6: a) La información detallada de las Obligaciones a corto plazo contraídas en los términos del Título Tercero Capítulo Uno
B7: de la Ley de Disciplina Financiera de las Entidades Federativas y Municipios, incluyendo por lo menos importe, tasas,
B8: plazo, comisiones y cualquier costo relacionado, así mismo se deberá incluir la tasa efectiva.
B10: Fundamento Artículo 31 LDF
B22: En caso de no contar con Obligaciones a Corto Plazo, hacer la aclaración o la inidcación.
B23: como por ejemplo:
B25: "No cuento con Obligaciones a Corto Plazo"

Sheet NDF-06
B1: ='Notas de Disciplina Financiera'!A1 -> CASA DE LA CULTURA XOCHIQUETZAL | E1: Ejercicio: | F1: ='Notas de Disciplina Financiera'!D1 -> 2025
B2: Notas de Disciplina Financiera | E2: Periodicidad: | F2: ='Notas de Disciplina Financiera'!D2 -> Trimestral
B3: ='Notas de Disciplina Financiera'!A3 -> DEL 01 DE ENERO DEL 2025 AL 31 DE DICIEMBRE DEL 2025 | E3: Corte: | F3: ='Notas de Disciplina Financiera'!D3 -> 4
C5: 6. Evaluación de Cumplimiento
B7: Se revelará:
B8: a) La información relativa al cumplimiento de los convenios de Deuda Garantizada.

Sheet NDF-06 (I)
A2: Nota | B2: Instructivo
A4: NDF-06 | B4: 6. Evaluación de Cumplimiento
B5: Se revelará:
B6: a) La información relativa al cumplimiento de los convenios de Deuda Garantizada.
B8: Fundamento Artículo 40 LDF
